 Dungeon Crawl Stone Soup version 0.15-a0-271-g6095dc6 (webtiles) character file.

270 tabulaattori the Ruffian (level 4, -5/41 HPs)
             Began as a Minotaur Monk on Apr 28, 2014.
             Slain by an orc wizard
             ... wielding a +0,+1 dagger of electrocution
              (18 damage)
             ... on Level 3 of the Dungeon.
             The game lasted 00:03:09 (2085 turns).

tabulaattori the Ruffian (Minotaur Monk)            Turns: 2085, Time: 00:03:09

HP  -5/41        AC  6     Str 15      XL: 4   Next: 91%
MP   2/2         EV 10     Int  7      God:
Gold 139         SH  0     Dex 14      Spells:  0 memorised,  3 levels left

rFire  . . .     SeeInvis .     f - +0 short sword (speed)
rCold  . . .     Clarity  .     n - +1 ring mail
rNeg   . . .     Conserve .     (no shield)
rPois  .         rCorr    .     (helmet restricted)
rElec  .         rRot     .     (no cloak)
SustAb . .       Spirit   .     (no gloves)
rMut   .         Warding  .     (no boots)
Saprov . . .     Stasis   +     d - amulet of stasis
MR     .....                    (no ring)
                                e - cursed ring of flight

@: not resistant to hostile enchantments, very unstealthy
A: retaliatory headbutt, horns 2
a: Evoke Flight


You were on level 3 of the Dungeon.
You were very hungry.

You visited 1 branch of the dungeon, and saw 3 of its levels.

You collected 139 gold pieces.

Inventory:

Hand weapons
 f - a +0,+0 short sword of speed (weapon)
Armour
 a - a +0 robe
 n - a +1 ring mail (worn)
 r - a +0 scale mail
Magical devices
 q - a wand of fireball (5) {unknown}
Comestibles
 b - 2 bread rations
Scrolls
 c - a scroll of fear {unknown}
 g - 2 scrolls of random uselessness {unknown}
 h - 6 scrolls of identify {unknown}
 k - a scroll of remove curse {unknown}
 s - a scroll of amnesia {unknown}
 t - a scroll of noise {unknown}
Jewellery
 d - an amulet of stasis (around neck)
 e - a cursed ring of flight (left hand)
Potions
 i - a potion of invisibility
 j - a potion of restore abilities {unknown}
 l - a potion of heal wounds
 m - a potion of poison {unknown}
 o - a potion of paralysis {unknown}
 p - a potion of haste {unknown}


   Skills:
 + Level 4.6 Fighting
 + Level 2.5 Armour
 + Level 4.1 Dodging
 - Level 1.5 Stealth
 + Level 5.1 Unarmed Combat


You had 3 spell levels left.
You didn't know any spells.

Dungeon Overview and Level Annotations

Branches:
Dungeon (3/15)

Altars:


Innate Abilities, Weirdness & Mutations

You reflexively headbutt those who attack you in melee.
You have a pair of horns on your head.


Message History

The orc wizard is heavily wounded.
The orc wizard gestures at you while chanting.
The magic dart hits you!
You closely miss the orc wizard. You headbutt the orc wizard.
The orc wizard is heavily wounded.
The orc wizard gestures at you while chanting.
The magic dart hits you!
You completely miss the orc wizard.
The orc wizard is heavily wounded.
The orc wizard points at you and mumbles some strange words.
The magic dart hits you!
You barely miss the orc wizard.
The orc wizard is heavily wounded.
The orc wizard hits you but does no damage.
You are electrocuted!
You hit the orc wizard.
The orc wizard is severely wounded.
The orc wizard hits you but does no damage.
You are electrocuted!
You die...

.........# #........#
.........#####........#
.........#...'........#
.........'.###........#
.........### #........#
(........# #........#
.........# ###'######
'######### #.# .......#
#o# ######+# #@# #)#
#..).......#
#.>........#
............#
###..........#
#.......... #...).....
#........ #.#


You could see an orc wizard.

Vanquished Creatures
  Terence (D:3)
  A giant mite (D:2)
  4 adders (D:2)
  A worm (D:2)
  2 giant geckos (D:2)
  An ooze (D:1)
  7 orcs (D:3)
  2 ball pythons
  6 hobgoblins
  A quokka (D:2)
  7 bats
  3 giant cockroaches
  2 giant newts
  9 goblins
  4 jackals (D:2)
  7 kobolds
  7 rats
65 creatures vanquished.

Notes
Turn   | Place    | Note
--------------------------------------------------------------
     0 | D:1      | tabulaattori, the Minotaur Monk, began the quest for the Orb.
     0 | D:1      | Reached XP level 1. HP: 19/19 MP: 1/1
   209 | D:1      | Reached XP level 2. HP: 20/27 MP: 1/1
   798 | D:1      | Reached skill level 1 in Armour
  1051 | D:2      | Reached XP level 3. HP: 28/33 MP: 2/2
  1295 | D:2      | Reached XP level 4. HP: 40/40 MP: 2/2
  1549 | D:2      | Reached skill level 5 in Unarmed Combat
  1907 | D:3      | Noticed Terence
  1917 | D:3      | Killed Terence
  2085 | D:3      | Slain by an orc wizard

Action                   |  1- 3 |  4- 6 || total
-------------------------+-------+-------++-------
Melee: Unarmed           |    31 |       ||    31
       Short sword       |    49 |    83 ||   132
  Use: Potion            |     1 |     1 ||     2
 Stab: Sleeping          |     2 |       ||     2
